 Dungeon Crawl Stone Soup version 0.25.1-2-g60ff931df9 (webtiles) character file.

Game seed: 81905409290280948

372 DoubleLucky the Grave Robber (level 6, -3/41 HPs)
             Began as a Vampire Necromancer on Sept 29, 2020.
             Slain by an orc
             ... wielding a cursed -1 whip
              (6 damage)
             ... on level 5 of the Dungeon.
             The game lasted 00:28:51 (4192 turns).

DoubleLucky the Grave Robber (Vampire Necromancer)  Turns: 4192, Time: 00:28:52

Health: -3/41      AC:  3    Str:  7    XL:     6   Next: 43%
Magic:  9/19       EV: 14    Int: 19    God:
Gold:   66         SH:  0    Dex: 15    Spells: 9/11 levels left

rFire    . . .     SeeInvis +   h - +1 dagger (speed)
rCold    . . .     Gourm    .   (no shield)
rNeg     . . .     Faith    .   j - +0 leather armour
rPois    .         Spirit   .   (no helmet)
rElec    .         Reflect  .   (no cloak)
rCorr    .         Harm     .   (no gloves)
MR       .....                  (no boots)
Stlth    ++........             (no amulet)
HPRegen  0.33/turn              f - ring of magical power
MPRegen  0.16/turn              (no ring)

@: regenerating quickly
A: no food, fangs 3, see invisible, unbreathing
a: Exsanguinate


You were on level 5 of the Dungeon.
You were alive.

You visited 1 branch of the dungeon, and saw 4 of its levels.

You collected 66 gold pieces.

Inventory:

Hand Weapons
 h - a +1 dagger of speed (weapon)
Missiles
 i - 11 stones (quivered)
Armour
 a - a +0 robe
 e - a +0 helmet
 j - a +0 leather armour (worn)
Jewellery
 f - a ring of magical power (left hand)
Scrolls
 b - 2 scrolls of identify
 d - 3 scrolls of teleportation {unknown}
 g - a scroll of enchant weapon {unknown}
 k - a scroll of immolation {unknown}
 l - a scroll of remove curse {unknown}
 m - a scroll of fear {unknown}
Potions
 c - 2 potions of lignification {unknown}
 n - a potion of might
 o - a potion of berserk rage {unknown}
 p - 2 potions of heal wounds {unknown}
 q - 3 potions of mutation {unknown}


   Skills:
 + Level 2.5 Short Blades
 * Level 5.1 Dodging
 - Level 3.0 Stealth
 + Level 3.3 Spellcasting
 + Level 5.6 Necromancy


You had 9 spell levels left.
You knew the following spells:

 Your Spells              Type           Power        Failure   Level  Hunger
a - Pain                  Necr           ###.         2%          1    N/A
b - Animate Skeleton      Necr           N/A          2%          1    N/A

Your spell library contained the following spells:

 Spells                   Type           Power        Failure   Level  Hunger
 Vampiric Draining        Necr           ###.......   7%          3    N/A
 Animate Dead             Necr           N/A          22%         4    N/A
 Agony                    Necr           ###.....     52%         5    N/A

Dungeon Overview and Level Annotations

Branches:
Dungeon (3/15)

Altars:
Kikubaaqudgha

Shops:
D:5 (


Innate Abilities, Weirdness & Mutations

You do not eat.
Your natural rate of healing is unusually fast.
You have razor-sharp teeth.
You have supernaturally acute eyesight. (SInv)
You can survive without breathing.


Message History

Casting: Pain (safe; 2% risk of failure)
Confirm with . or Enter, or press ? or * to list all spells.
Aiming: Pain (safe; 2% risk of failure)
Press: ? - help, Shift-Dir - straight line, f - frilled lizard
Aim: a frilled lizard (chance to defeat MR: 93%)
The frilled lizard barely resists.
The orc hits you but does no damage. The crimson imp barely misses you.
The crimson imp hits you.
* * * LOW HITPOINT WARNING * * *
The frilled lizard barely misses you.
Casting: Pain (safe; 2% risk of failure)
Confirm with . or Enter, or press ? or * to list all spells.
Aiming: Pain (safe; 2% risk of failure)
Press: ? - help, Shift-Dir - straight line, f/p - frilled lizard
Aim: a frilled lizard (chance to defeat MR: 93%)
The frilled lizard writhes in agony!
You kill the frilled lizard!
The orc closely misses you. The crimson imp barely misses you.
The crimson imp blinks!
The orc hits you with a cursed -1 whip.
You die...

.########## .. .......#
####### #####!..#.#
#.....#
...#......####.....#
##....[............#
..##...†...........#
#)#.......###......# #
.........$....##5####.#
#.##......##..5.@..).#.###
..........###.##o.......!.
####.....## #.#######.####
####.....# #.# #
.......### #.# ######.#
#.# #.. ... #.# ###


You could see 2 crimson imps and an orc.

Vanquished Creatures
  An ogre (D:3)
  A centaur (D:5)
  An orc priest (D:5)
  An orc wizard (D:5)
  Terence (D:2)
  A worker ant (D:5)
  2 adders (D:2)
  4 worms
  4 dart slugs
  A leopard gecko (D:5)
  10 orcs
  3 ball pythons
  4 bat skeletons (D:5)
  A bat zombie (D:5)
  A giant cockroach (D:2)
  6 goblins
  10 hobgoblins
  3 jackals (D:3)
  A quokka (D:3)
  7 bats
  2 frilled lizards
  5 kobolds
  A leopard gecko skeleton (D:5)
  5 rats
76 creatures vanquished.

Vanquished Creatures (collateral kills)
  A jackal (D:3)
  A bat (D:3)
2 creatures vanquished.

Grand Total: 78 creatures vanquished

Notes
Turn   | Place    | Note
-------+----------+-------------------------------------------
     0 | D:1      | DoubleLucky the Vampire Necromancer began the quest for the
                  | Orb.
     0 | D:1      | Reached XP level 1. HP: 13/13 MP: 3/3
   459 | D:1      | Reached XP level 2. HP: 19/19 MP: 0/5
  1577 | D:2      | Reached XP level 3. HP: 24/24 MP: 3/6
  1895 | D:2      | Learned a level 1 spell: Animate Skeleton
  2063 | D:2      | Reached skill level 1 in Short Blades
  2224 | D:2      | Reached XP level 4. HP: 24/24 MP: 5/7
  2412 | D:2      | Noticed Terence
  2422 | D:2      | Killed Terence
  2422 | D:2      | Reached skill level 5 in Necromancy
  2769 | D:3      | HP: 1/24 [orc/+0 war axe (8)]
  3009 | D:3      | Noticed an ogre
  3016 | D:3      | Killed an ogre
  3016 | D:3      | Reached XP level 5. HP: 29/31 MP: 9/9
  3239 | D:3      | You fall into a shaft and drop 2 floors!
  3239 | D:5      | Entered Level 5 of the Dungeon
  3270 | D:5      | Found an ancient bone altar of Kikubaaqudgha.
  3473 | D:5      | Noticed a centaur
  3491 | D:5      | Killed a centaur
  3491 | D:5      | Reached XP level 6. HP: 7/36 MP: 10/10
  3858 | D:5      | Found Reos's Weapon Shop.
  4177 | D:5      | Reached skill level 5 in Dodging
  4192 | D:5      | Slain by an orc

Illustrated notes

Levels and vault maps discovered:
D:1:      minmay_arrival_loop, layout_basic
D:2:      layout_basic, first_ration, st_stairs_2, uniq_terence
D:3:      layout_basic, nicolae_overflow_quartered_altars
D:5:      layout_loops_ring, kennysheep_vampire_church, serial_shops,
          nicolae_shop_window_shopping, portal_sewer_entry_e

Skill      XL: |  1  2  3  4  5  6 |
---------------+-------------------+-----
Dodging        | 3 4 5 |  5.1
Short Blades   | 1 2 |  2.5
Necromancy     | 5 |  5.6
Spellcasting   | 3 |  3.3
Stealth        | |  3.0

Action                   |  1- 3 |  4- 6 || total
-------------------------+-------+-------++-------
Melee: Dagger            |     7 |   244 ||   251
       Bite              |     2 |    20 ||    22
 Cast: Pain              |    89 |    87 ||   176
       Animate Skeleton  |     1 |    10 ||    11
 Abil: Exsanguinate      |     1 |       ||     1
       Revivify          |       |     1 ||     1
  Use: Scroll            |     2 |       ||     2
       Potion            |       |     1 ||     1
 Stab: Sleeping          |       |     1 ||     1
Armor: Robe              |     2 |       ||     2
       Leather armour    |     1 |    36 ||    37
Dodge: Dodged            |     6 |   153 ||   159
